[Event "Grandmaster Tournament Blitz"]
[Site "Biel/Bienne, Switzerland"]
[Date "2019.07.27"]
[Round "13.2"]
[White "Vidit, Santosh Gujrathi"]
[Black "Bogner, Sebastian"]
[Result "1-0"]
[ECO "E63"]
[WhiteElo "2694"]
[BlackElo "2584"]
[PlyCount "79"]
[EventDate "2019.??.??"]
[EventType "blitz"]
[TimeControl "3+2"]
[WhiteClock "0:00:29"]
[BlackClock "0:00:06"]

1. d4 Nf6 2. c4 g6 3. g3 Bg7 4. Bg2 O-O 5. Nc3 d6 6. Nf3 Nc6 7. O-O a6 8. b3 Rb8 9. Nd5 Nh5 10. Bb2 e6 11. Nc3 f5 12. d5 Ne5 13. Nd4 exd5 14. cxd5 f4 15.
Qd2 Qe7 16. Rad1 Kh8 17. Ne4 Bd7 18. Rc1 Rbc8 19. Nf3 Bf5 20.
Nxe5 Bxe5 21. Bxe5+ Qxe5 22. Ng5 Bg4 23. Nf3 Qg7 24. Rc4 Rce8 25.
gxf4 b5 26. Rd4 Qf6 27. e3 Ng7 28. Ng5 h6 29. Ne4 Qh4 30.
Ng3 Nf5 31. Re4 Bh3 32. Rxe8 Rxe8 33. Rc1 Bxg2 34. Kxg2 Qg4 35. Rxc7 Nh4+ 36. Kf1 Qh3+ 37. Ke2 Qg4+ 38. Kd3 Kg8 39. Kc2 Nf3 40. Qc3 1-0

[Event "Grandmaster Tournament Blitz"]
[Site "Biel/Bienne, Switzerland"]
[Date "2019.07.27"]
[Round "13.3"]
[White "Maghsoodloo, Parham"]
[Black "Cori, Jorge"]
[Result "1/2-1/2"]
[ECO "D11"]
[WhiteElo "2719"]
[BlackElo "2558"]
[PlyCount "202"]
[EventDate "2019.??.??"]
[EventType "blitz"]
[TimeControl "3+2"]
[WhiteClock "0:00:20"]
[BlackClock "0:00:28"]

1. Nf3 d5 2. d4 c6 3. Bf4 Nf6 4. e3 Bg4 5. c4 Bxf3 6. gxf3 e6 7. Nc3 Nbd7 8.
Bg3 Be7 9. e4 a6 10. Be2 b5 11. e5 Ng8 12. cxd5 cxd5 13. a4 b4 14. Nb1 Nh6 15. Bd3 Qb6 16. Bc2 b3 17. Bxb3 Nf5 18. a5 Qxd4 19. Ba4 Bb4+ 20. Nc3 Qxd1+ 21. Kxd1 Ke7 22. Bf4 h6 23. h4 Rhc8 24. Ne2 Rab8 25. Bc2 Bc5 26. Bxf5 exf5 27. e6 fxe6 28. Bxb8 Rxb8 29. Nf4 Bxf2 30. Nd3 Bd4 31. Ra4 e5 32. f4 Rb3 33. Rxd4 exd4 34. Kc2 Rb8 35. Rg1 Kf6 36. h5 Kf7 37. Rg6 Nf6 38. Ne5+ Kg8 39. Nf3 Rb4 40. Nh4 d3+ 41. Kxd3 Rxf4 42. Ng2 Ra4 43. Ne3 Rxa5 44. Nxf5 Nxh5 45. Kd4 Rb5 46. Rxa6 Rxb2 47. Nxh6+ gxh6 48. Rxh6 Nf4 49. Ke5 Rb4 50. Rf6 Re4+ 51. Kf5 Kg7 52. Rd6 Kf7 53. Rxd5 Ra4 54. Rd7+ Ke8 55. Rh7 Nd3 56. Ke6 Ra6+ 57. Kd5 Nf4+ 58. Kc4 Ng6 59. Kb5 Re6 60. Rc7 Ne7 61. Kc5 Kd8 62. Rb7 Rc6+ 63. Kb5 Rc2 64. Ka4 Nd5 65. Kb3 Rc1 66. Kb2 Rf1 67. Rh7 Ne7 68. Kc3 Kd7 69. Kd3 Ke6 70. Ke4 Re1+ 71. Kd3 Nd5 72. Kd2 Ra1 73. Rh5 Ra3 74. Rg5 Kd6 75. Rf5 Kc5 76. Rg5 Rh3 77. Rg4 Nf6 78. Ra4 Kd5 79. Ra5+ Ke4 80. Ra4+ Ke5 81. Ra5+ Nd5 82. Ra4 Rh2+ 83. Kd3 Nf4+ 84. Kc4 Rc2+ 85. Kb3 Rc8 86. Rc4 Rb8+ 87. Kc2 Ne6 88. Kc3 Rh8 89. Rg4 Kd5 90. Rg3 Ra8 91. Rd3+ Kc5 92. Re3 Nf4 93. Re5+ Nd5+ 94. Kb2 Kc4 95. Rh5 Ne3 96. Rh4+ Kd3 97. Kb3 Rb8+ 98. Ka4 Nc4 99. Rd4+ Kc3 100. Rd3+ Kb2 101. Rb3+ Rxb3 1/2-1/2

[Event "Grandmaster Tournament Blitz"]
[Site "Biel/Bienne, Switzerland"]
[Date "2019.07.27"]
[Round "13.4"]
[White "Abdusattorov, Nodirbek"]
[Black "Georgiadis, Nico"]
[Result "1-0"]
[ECO "A31"]
[WhiteElo "2550"]
[BlackElo "2464"]
[PlyCount "111"]
[EventDate "2019.??.??"]
[EventType "blitz"]
[TimeControl "3+2"]
[WhiteClock "0:00:42"]
[BlackClock "0:00:06"]

1. d4 Nf6 2. c4 c5 3. Nf3 cxd4 4. Nxd4 e5 5. Nb5 d5 6. cxd5 Bc5 7. e3 O-O 8. Be2 Bf5 9. O-O Nxd5 10.
N1c3 Nxc3 11. Nxc3 Nc6 12. a3 a5 13. Bd2 Rc8 14. Rc1 Be6 15.
Ne4 Be7 16. Nc5 Bd5 17. b4 axb4 18. axb4 b6 19. Na6 Qd7 20. Bc3 Qe6 21. b5 Nb8 22. Nxb8 Rxb8 23. Qd2 Rfd8 24. Qb2 f6 25. Rfd1 Kh8 26. Bb4 g6 27. Bxe7 Qxe7 28. h3 Kg7 29. Rc3 Be6 30. Rxd8 Rxd8 31. Rc6 Rb8 32. Qc3 Rb7 33. Bf3 Bf7 34. Rxf6 Kxf6 35. Qc6+ Kg7 36. Qxb7 Qxb7 37. Bxb7 Bc4 38. Bc6 g5 39. g4 Kf6 40. Kg2 h6 41. Kg3 Bf1 42. h4 Be2 43. f4 exf4+ 44. exf4 Bf1 45. fxg5+ hxg5 46. h5 Bd3 47. Bd7 Ke5 48. Kf2 Kf6 49. Ke3 Bc4 50.
Kd4 Be2 51. Kd5 Ke7 52. Kc6 Bf3+ 53. Kc7 Be2 54. h6 Kf6 55. Kxb6 Kg6 56. Kc7 1-0

[Event "Grandmaster Tournament Blitz"]
[Site "Biel/Bienne, Switzerland"]
[Date "2019.07.27"]
[Round "14.1"]
[White "Shankland, Sam"]
[Black "Abdusattorov, Nodirbek"]
[Result "0-1"]
[ECO "B07"]
[WhiteElo "2660"]
[BlackElo "2550"]
[PlyCount "148"]
[EventDate "2019.??.??"]
[EventType "blitz"]
[TimeControl "3+2"]
[WhiteClock "0:00:08"]
[BlackClock "0:00:13"]

1. d4 d6 2. e4 Nf6 3. Nc3 e5 4. Nge2 Nbd7 5. g3 Be7 6. Bg2 O-O 7. O-O c6 8. a4 a5 9. h3 Re8 10. Be3 Bf8 11. d5 cxd5 12. exd5 Nc5 13. Nb5 b6 14. Nec3 Ba6 15. Qd2 Qd7 16. b3 Rac8 17. Kh2 g6 18.
f4 e4 19. f5 Bg7 20. Rae1 gxf5 21. Bd4 Bxb5 22. Nxb5 e3 23. Rxe3 Nfe4 24. Qd1 Be5 25. Qh5 f4 26. Rxe4 fxg3+ 27. Kh1 Nxe4 28. Bxe4 f6 29. Bf5 Qg7 30. Rg1 Rcd8 31. Be6+ Kh8 32. Qf3 Rf8 33. Bf2 Qh6 34. Bxg3 Rg8 35. Bxe5 Rxg1+ 36. Kxg1 fxe5 37. Qg3 Rf8 38. Nxd6 Qc1+ 39. Kh2 Qd2+ 40. Qg2 Qf4+ 41. Kh1 e4 42. Nxe4 Qc1+ 43. Kh2 Qf4+ 44. Ng3 h5 45. Kg1 Qe3+ 46. Kh1 Qc1+ 47. Kh2 Qf4 48. Qe2 h4 49. Qh5+ Kg7 50. Qg4+ Qxg4 51. hxg4 Rf2+ 52. Kh3 hxg3 53. Kxg3 Rxc2 54. d6 Kf6 55. d7 Rd2 56. Bf5 Ke5 57. Kf3 Rd4 58. Ke2 Rd6 59. Ke3 Rd4 60. g5 Rd6 61. g6 Kf6 62.
Ke4 Rd1 63. Bg4 Rd2 64. Bf5 Rd1 65. Bh3 Kxg6 66. Ke5 Kf7 67.
Be6+ Ke7 68. Bf5 Rd2 69. Ke4 Rb2 70. Be6 Rb1 71. Ke5 Re1+ 72. Kf5 Re3 73. Bc4 Kxd7 74. Kf4 Re7 0-1

[Event "Grandmaster Tournament Blitz"]
[Site "Biel/Bienne, Switzerland"]
[Date "2019.07.27"]
[Round "14.2"]
[White "Georgiadis, Nico"]
[Black "Maghsoodloo, Parham"]
[Result "0-1"]
[ECO "A86"]
[WhiteElo "2558"]
[BlackElo "2719"]
[PlyCount "96"]
[EventDate "2019.??.??"]
[EventType "blitz"]
[TimeControl "3+2"]
[WhiteClock "0:00:05"]
[BlackClock "0:00:27"]

1. d4 f5 2. c4 Nf6 3. g3 g6 4. Bg2 Bg7 5. Nc3 O-O 6. Nf3 b6 7. Ne5 c6 8. O-O Bb7 9. Nd3 Na6 10. e3 e6 11. b4 Nc7 12. Qb3 d5 13. a4 Ne4 14. Rd1 Rb8 15. Ne2 g5 16. Ba3 Nd6 17.
cxd5 exd5 18. Rac1 Re8 19. Rc2 b5 20. Nc5 Nc4 21. Bc1 a6 22.
Ra2 Bc8 23. axb5 axb5 24. Ra7 Ra8 25. Rxa8 Nxa8 26. Nc3 Nab6 27. Qa2 Qe7 28. Ne2 Be6 29. Qb1 Qf6 30. Bh3 Nd6 31. Bg2 Bf7 32. Nc3 Bg6 33. Qb3 Ndc4 34. Nd3 h5 35. Ne2 h4 36. Nc5 Bh5 37. Re1 Ra8 38. Qb1 hxg3 39. hxg3 Kf7 40. f3 Bg6 41. e4 fxe4 42. fxe4 Kg8 43. Rf1 Qe7 44. Qb3 dxe4 45. Qc2 Re8 46. Qa2 Nd5 47. Qa6 Nxb4 48. Qa1 Qxc5 0-1

[Event "Grandmaster Tournament Blitz"]
[Site "Biel/Bienne, Switzerland"]
[Date "2019.07.27"]
[Round "14.3"]
[White "Cori, Jorge"]
[Black "Vidit, Santosh Gujrathi"]
[Result "0-1"]
[ECO "E14"]
[WhiteElo "2464"]
[BlackElo "2694"]
[PlyCount "70"]
[EventDate "2019.??.??"]
[EventType "blitz"]
[TimeControl "3+2"]
[WhiteClock "0:00:08"]
[BlackClock "0:01:09"]

1. d4 Nf6 2. Nf3 d5 3. c4 e6 4. e3 b6 5. Nc3 Bb7 6. Bd3 Bd6 7. O-O dxc4 8. Bxc4 O-O 9. Nb5 Be7 10. b3 Nbd7 11. Bb2 a6 12. Nc3 b5 13. Be2 c5 14. Rc1 Qb6 15. dxc5 Nxc5 16. Qc2 Rac8 17. Qb1 b4 18. Na4 Nxa4 19. bxa4 Qa5 20. Bd4 Qxa4 21. Ng5 g6 22. Qb2 Nd5 23. Nf3 Qa3 24. Qxa3 bxa3 25. Ne5 Rxc1 26. Rxc1 Rc8 27. Rxc8+ Bxc8 28. Nc6 Bd6 29. e4 Nf4 30. Bf3 Bd7 31. e5 Bf8 32. Na5 Bb5 33. g3 Nd3 34. Bd1 Nc1 35. Bb3 Ne2+ 0-1

[Event "Grandmaster Tournament Blitz"]
[Site "Biel/Bienne, Switzerland"]
[Date "2019.07.27"]
[Round "1.3"]
[White "Georgiadis, Nico"]
[Black "Vidit, Santosh Gujrathi"]
[Result "0-1"]
[ECO "D02"]
[WhiteElo "2464"]
[BlackElo "2694"]
[PlyCount "120"]
[EventDate "2019.??.??"]
[EventType "blitz"]
[TimeControl "3+2"]
[WhiteClock "0:00:05"]
[BlackClock "0:00:06"]

1. d4 Nf6 2. Bf4 d5 3. e3 e6 4. Nf3 Bd6 5. Bg3 c5 6. c3 Qc7 7. Nbd2 Nbd7 8. Bxd6 Qxd6 9. dxc5 Nxc5 10. Nc4 Qc7 11. Nce5 O-O 12. Bd3 Nxd3+ 13. Qxd3 Ne4 14. Qc2 f6 15. Nd3 e5 16. O-O Be6 17. Rfd1 Rfd8 18. Rac1 Rac8 19. h3 Nd6 20. Nb4 Nc4 21. b3 Nb6 22. e4 dxe4 23. Rxd8+ Rxd8 24. Qxe4 a5 25. Nd3 Bd5 26. Qe3 e4 27. c4 Bc6 28. Nd4 Rxd4 29. Qxd4 exd3 30. Qxd3 Nd7 31. Rd1 Qe5 32. a3 Qe7 33. Qc3 Qxa3 34. Ra1 Qb4 35. Qe3 h6 36. Rd1 Ne5 37. Rd8+ Kh7 38. f4 Nf7 39. Qd3+ g6 40. Ra8 Qc5+ 41. Kh2 Qf2 42. Qg3 Qd2 43. f5 g5 44. h4 Ne5 45. hxg5 Nf3+ 46. Kh3 Nxg5+ 47. Kh2 Nf3+ 48. Kh3 Ng5+ 49. Kh2 h5 50. Qc7+ Bd7 51. Rd8 Nf3+ 52. Kg3 Ne5 53. Qb6 Qg5+ 54. Kf2 Qxf5+ 55. Kg1 h4 56. Qxb7 Kg7 57. Qa8 Qb1+ 58. Kf2 Qb2+ 59. Kg1 Qd4+ 60. Kf1 Qd1+ 0-1

[Event "Grandmaster Tournament Blitz"]
[Site "Biel/Bienne, Switzerland"]
[Date "2019.07.27"]
[Round "1.2"]
[White "Cori, Jorge"]
[Black "Leko, Peter"]
[Result "1/2-1/2"]
[ECO "E14"]
[WhiteElo "2558"]
[BlackElo "2743"]
[PlyCount "129"]
[EventDate "2019.??.??"]
[EventType "blitz"]
[TimeControl "3+2"]
[WhiteClock "0:00:07"]
[BlackClock "0:00:22"]

1. d4 Nf6 2. Nf3 e6 3. c4 d5 4. e3 b6 5. Nc3 Bd6 6. Bd3 Bb7 7. O-O O-O 8. b3 Nbd7 9. Bb2 a6 10. Re1 Re8 11. e4 dxe4 12. Nxe4 Nxe4 13. Bxe4 Bxe4 14. Rxe4 Nf6 15. Re3 c5 16. Rd3 Qe7 17. Qe2 cxd4 18.
Nxd4 Qc7 19. g3 Rad8 20. Rad1 Be7 21. Kg2 h6 22. h3 Bf8 23. Qf3 Rc8 24. Nc2 Qc6 25. Qxc6 Rxc6 26. Be5 Be7 27. Ne3 Kf8 28. Kf3 b5 29. Bd6 bxc4 30. bxc4 Rec8 31. h4 h5 32. Be5 g6 33. Rb1 Ne8 34. Rb7 Nd6 35. Bxd6 Rxd6 36. Rxd6 Bxd6 37. Rb6 Bc5 38. Rxa6 Bxe3 39. Kxe3 Rxc4 40. Ra8+ Ke7 41. a4 Kf6 42. a5 Ra4 43. a6 Ke5 44. a7 Ra3+ 45. Kd2 Kf6 46. Kc2 Kg7 47. Kb2 Ra6 48. Kc3 Ra2 49. Kd4 Kf6 50. Kc5 Rc2+ 51. Kd6 Rd2+ 52. Kc6 Ra2 53. Kd7 Kg7 54. Ke7 Ra3 55. f3 Ra2 56. Kd6 Rd2+ 57. Ke5 Rd5+ 58. Ke4 Ra5 59. g4 hxg4 60. fxg4 f5+ 61. gxf5 exf5+ 62. Kf3 Ra4 63. Kg3 Kh7 64. Kf3 Kg7 65. Kg3 1/2-1/2